 Dungeon Crawl Stone Soup version 0.30-a0-626-gd6a5dd7a1f (webtiles) character file.

Game seed: 15766191655601745098

435 NinjaNoafa the Grasshopper (level 7, -4/56 HPs)
             Began as a Gnoll Warper on Jan 11, 2023.
             Killed from afar by Natasha (7 damage)
             ... with a magic dart
             ... on level 4 of the Dungeon on Jan 12, 2023.
             The game lasted 00:16:18 (3832 turns).

NinjaNoafa the Grasshopper (Gnoll Warper)           Turns: 3832, Time: 00:16:19

Health: -4/56      AC:  6    Str: 11    XL:     7   Next: 0%
Magic:  0/15       EV: 13    Int: 14    God:
Gold:   219        SH:  0    Dex: 11    Spells: 5/17 levels left

rFire   + . .      SeeInvis +    b - +5 short sword
rCold   . . .      Faith    +    (no shield)
rNeg    + . .      Spirit   .    r - +1 leather armour {rF+}
rPois   .          Reflect  .    (no helmet)
rElec   .          Harm     .    h - +1 cloak
rCorr   .          Rampage  .    (no gloves)
Will    .....                    (no boots)
Stlth   ++                       o - amulet of faith
HPRegen 0.29/turn                i - ring of see invisible
MPRegen 0.14/turn                t - ring of positive energy

@: mighty, on blink cooldown, hasted, very quick
A: fangs 1, strong nose, distributed training
a: no special abilities


You were on level 4 of the Dungeon.
You visited 1 branch of the dungeon, and saw 4 of its levels.
You also visited: Sewer.

You collected 219 gold pieces.

Inventory:

Hand Weapons
 b - a +5 short sword (weapon)
Missiles
 d - 7 boomerangs of dispersal
 e - 37 stones
 k - 7 boomerangs (quivered)
 p - 4 poisoned darts
Armour
 h - a +1 cloak (worn)
 j - an orb of energy
 r - a +1 leather armour of fire resistance (worn)
Jewellery
 i - a ring of see invisible (left hand)
 o - an amulet of faith (around neck)
 t - a ring of positive energy (right hand)
Wands
 q - a wand of iceblast (3)
 s - a wand of mindburst (2)
Scrolls
 f - a scroll of immolation
 m - a scroll of vulnerability
Potions
 a - 3 potions of haste
 c - a potion of cancellation
 g - a potion of resistance {unknown}
 l - a potion of berserk rage
 n - a potion of heal wounds {unknown}
 u - 2 potions of might


   Skills:
 + Level 5.1 Fighting
 + Level 2.3 Short Blades
 + Level 5.1 Long Blades
 + Level 2.3 Axes
 + Level 2.3 Maces & Flails
 + Level 2.3 Polearms
 + Level 2.3 Staves
 + Level 2.3 Ranged Weapons
 + Level 3.5 Throwing
 + Level 3.5 Armour
 + Level 5.1 Dodging
 + Level 2.3 Stealth
 + Level 2.3 Shields
 + Level 2.3 Unarmed Combat
 + Level 5.5 Spellcasting
 + Level 1.8 Conjurations
 + Level 1.8 Hexes
 + Level 1.8 Summonings
 + Level 1.8 Necromancy
 + Level 5.8 Translocations
 + Level 1.8 Transmutations
 + Level 1.8 Fire Magic
 + Level 1.8 Ice Magic
 + Level 1.8 Air Magic
 + Level 1.8 Earth Magic
 + Level 1.8 Poison Magic
 + Level 2.5 Invocations
 + Level 2.3 Evocations


You had 5 spell levels left.
You knew the following spells:

 Your Spells              Type           Power      Damage    Failure   Level
a - Blink                 Tloc           40%        N/A       3%          2
b - Lesser Beckoning      Tloc           40%        N/A       6%          3
c - Teleport Other        Tloc           20%        N/A       6%          3
d - Vhi's Electric Charg  Tloc/Air       28%        N/A       13%         3
e - Apportation           Tloc           40%        N/A       1%          1

Your spell library contained the following spells:

 Spells                   Type           Power      Damage    Failure   Level
 Freeze                   Ice            36%        1d5       10%         1
 Ensorcelled Hibernation  Hex/Ice        18%        N/A       14%         2
 Scorch                   Fire           18%        2d6       14%         2
 Manifold Assault         Tloc           20%        N/A       19%         4
 Frozen Ramparts          Ice            18%        1d3       28%         3
 Hailstorm                Conj/Ice       9%         3d4       28%         3
 Ozocubu's Armour         Ice            9%         N/A       28%         3
 Spider Form              Tmut/Pois      9%         N/A       28%         3
 Anguish                  Hex/Necr       4%         N/A       67%         4
 Flame Wave               Conj/Fire      9%         2d6       67%         4
 Alistair's Intoxication  Tmut/Pois      6%         N/A       95%         5
 Summon Cactus Giant      Summ           4%         N/A       100%        6
 Ozocubu's Refrigeration  Ice            4%         4d8       100%        7


Dungeon Overview and Level Annotations

Branches:
Dungeon (4/15)              Sewer (visited)
 Temple: D:4-7

Altars:

Annotations:
D:4 2 transporters, 1 runed translucent door, Crazy Yiuf, Natasha


Innate Abilities, Weirdness & Mutations

You have very sharp teeth.
Your uncanny sense of smell can sniff out nearby items.
Your experience applies equally to all skills.


Message History

Confirm with . or Enter, or press ? or * to list all spells.
Charge where?
Press: ? - help, Dir - move target, f - goblin, p - ogre
Aim: a goblin, wielding a +0 dagger (76% to hit)
You charge forward with an electric crackle!
You puncture the goblin and electrocute it!
You kill the goblin!
You hit the ogre. You bite the ogre, but do no damage.
The ogre is almost dead.
Natasha closely misses you. The ogre closely misses you.
You hit the ogre.
You kill the ogre!
Natasha claws you.
* * * LOW HITPOINT WARNING * * *
You have reached level 7!
Casting: Vhi's Electric Charge (dangerous; 13% risk of failure)
Confirm with . or Enter, or press ? or * to list all spells.
You are still too unstable to blink.
You hit Natasha.
Natasha is moderately wounded.
You barely miss Natasha.
Natasha is moderately wounded.
Natasha claws you!
* * * LOW HITPOINT WARNING * * *
Casting: Blink (safe; 3% risk of failure)
Confirm with . or Enter, or press ? or * to list all spells.
You don't have enough magic to cast this spell.
You feel stable enough to blink again.
Natasha stares at you and mumbles some strange words.
The magic dart hits you.
* * * LOW HITPOINT WARNING * * *
Casting: Blink (safe; 3% risk of failure)
Confirm with . or Enter, or press ? or * to list all spells.
You blink.
Unknown command.
It was a potion of might.
You feel very mighty all of a sudden.
Natasha stares at you and mumbles some strange words.
The magic dart hits you!
You die...

#?....# #.....#
#.....######
#..........#
#..........#
#........#
#...h.)..##>###
#.@.w....##....
#...........#
#........##.#
#....ยง...##.#
####..?.###.#
##.### #.#
#...###.####
###.......[#
#.#......#


You could see Natasha and a dart slug.

Vanquished Creatures
  Pargi (Sewer)
  An ogre (D:4)
  A scorpion (D:3)
  An orc priest (D:3)
  6 adders
  3 worms
  2 dart slugs (D:1)
  7 orcs
  10 bats
  5 endoplasms
  4 giant cockroaches
  9 goblins
  10 hobgoblins
  5 jackals (D:2)
  3 quokkas
  5 ball pythons
  6 frilled lizards
  7 kobolds
  8 rats
94 creatures vanquished.

Notes
Turn   | Place    | Note
-------+----------+-------------------------------------------
     0 | D:1      | NinjaNoafa the Gnoll Warper began the quest for the Orb.
     0 | D:1      | Reached XP level 1. HP: 20/20 MP: 6/6
   141 | D:1      | Reached XP level 2. HP: 21/26 MP: 7/7
   146 | D:1      | Learned a level 1 spell: Apportation
   151 | D:1      | Learned a level 2 spell: Blink
   498 | D:1      | Reached skill level 5 in Spellcasting
   498 | D:1      | Reached XP level 3. HP: 30/31 MP: 7/9
   595 | D:1      | Learned a level 3 spell: Lesser Beckoning
   599 | D:1      | Learned a level 3 spell: Teleport Other
   964 | D:2      | Reached skill level 1 in Invocations
  1102 | D:2      | Reached skill level 1 in Short Blades
  1102 | D:2      | Reached skill level 1 in Axes
  1102 | D:2      | Reached skill level 1 in Maces & Flails
  1102 | D:2      | Reached skill level 1 in Polearms
  1102 | D:2      | Reached skill level 1 in Staves
  1102 | D:2      | Reached skill level 1 in Ranged Weapons
  1102 | D:2      | Reached skill level 1 in Stealth
  1102 | D:2      | Reached skill level 1 in Shields
  1102 | D:2      | Reached skill level 1 in Unarmed Combat
  1102 | D:2      | Reached skill level 1 in Evocations
  1169 | D:2      | Reached XP level 4. HP: 23/38 MP: 1/11
  1542 | D:2      | Reached skill level 1 in Conjurations
  1542 | D:2      | Reached skill level 1 in Hexes
  1542 | D:2      | Reached skill level 1 in Summonings
  1542 | D:2      | Reached skill level 1 in Necromancy
  1542 | D:2      | Reached skill level 1 in Transmutations
  1542 | D:2      | Reached skill level 1 in Fire Magic
  1542 | D:2      | Reached skill level 1 in Ice Magic
  1542 | D:2      | Reached skill level 1 in Air Magic
  1542 | D:2      | Reached skill level 1 in Earth Magic
  1542 | D:2      | Reached skill level 1 in Poison Magic
  1751 | D:3      | Noticed a scorpion
  2153 | D:3      | Found a glowing drain.
  2159 | Sewer    | Entered a sewer
  2239 | Sewer    | Noticed Pargi
  2246 | Sewer    | Learned a level 3 spell: Vhi's Electric Charge
  2279 | Sewer    | Killed Pargi
  2280 | Sewer    | Reached XP level 5. HP: 26/43 MP: 3/12
  2490 | D:3      | Reached XP level 6. HP: 50/50 MP: 7/14
  2565 | D:3      | Reached skill level 5 in Fighting
  2565 | D:3      | Reached skill level 5 in Long Blades
  2565 | D:3      | Reached skill level 5 in Dodging
  3352 | D:4      | Found a transporter.
  3424 | D:4      | Found a transporter.
  3699 | D:4      | Found a runed translucent door.
  3700 | D:4      | Noticed Crazy Yiuf
  3814 | D:4      | Noticed Natasha
  3826 | D:4      | Reached XP level 7. HP: 15/56 MP: 2/15
  3832 | D:4      | Killed from afar by Natasha

Illustrated notes

Levels and vault maps discovered:
D:1:      dpeg_arrival_solitude, layout_loops_ring, minmay_box_of_dots
D:2:      layout_rooms
D:3:      layout_loops_ring, gup_sewer_entry_spiral, grunt_ministairs_1,
          kennysheep_minor_cross, chequers_serial_rivers_marsh,
          minmay_misc_feat_five, minivault_25
D:4:      gammafunk_wand_slinger, layout_basic, uniq_menkaure, uniq_eustachio,
          uniq_crazy_yiuf_cottage, uniq_natasha

Skill      XL: |  1  2  3  4  5  6 |
---------------+-------------------+-----
Spellcasting   | 5 |  5.5
Invocations    | 1 2 |  2.5
Short Blades   | 1 2 |  2.3
Axes           | 1 2 |  2.3
Maces & Flails | 1 2 |  2.3
Polearms       | 1 2 |  2.3
Staves         | 1 2 |  2.3
Ranged Weapons | 1 2 |  2.3
Stealth        | 1 2 |  2.3
Shields        | 1 2 |  2.3
Unarmed Combat | 1 2 |  2.3
Evocations     | 1 2 |  2.3
Conjurations   | 1 |  1.8
Hexes          | 1 |  1.8
Summonings     | 1 |  1.8
Necromancy     | 1 |  1.8
Transmutations | 1 |  1.8
Fire Magic     | 1 |  1.8
Ice Magic      | 1 |  1.8
Air Magic      | 1 |  1.8
Earth Magic    | 1 |  1.8
Poison Magic   | 1 |  1.8
Throwing       | 3 |  3.5
Armour         | 3 |  3.5
Fighting       | 5 |  5.1
Long Blades    | 5 |  5.1
Dodging        | 5 |  5.1
Translocations | |  5.8

Action                   |  1- 3 |  4- 6 |  7- 9 || total
-------------------------+-------+-------+-------++-------
Melee: Falchion          |   134 |    15 |       ||   149
       Bite              |     5 |    15 |       ||    20
       Punch             |     3 |     4 |       ||     7
       Short sword       |       |   160 |     2 ||   162
Throw: Boomerang         |     2 |    18 |       ||    20
 Cast: Apportation       |     2 |       |       ||     2
       Blink             |     1 |     8 |     1 ||    10
       Lesser Beckoning  |     5 |    11 |       ||    16
       Teleport Other    |     3 |     7 |       ||    10
       Vhi's Electric Ch |       |    23 |       ||    23
  Use: Scroll            |       |     7 |       ||     7
       Potion            |       |     2 |     1 ||     3
 Stab: Sleeping          |       |     1 |       ||     1
Armor: Leather armour    |    41 |    67 |       ||   108
Dodge: Dodged            |    99 |   161 |       ||   260

Table legend: (Time is in decaauts)
 A = Elapsed time spent in this place.
 B = Non-inter-level travel time spent in this place.
 C = Inter-level travel time spent in this place.
 D = Time resting spent in this place.
 E = Time spent auto-exploring this place.
 F = Levels seen in this place.
 G = Mean time per level.
                   A        B        C        D        E       F      G
               +--------+--------+--------+--------+--------+-----+--------+
         Total |   3854 |   3745 |    109 |     65 |   2749 |   5 |  770.8 |
       Dungeon |   3623 |   3514 |    109 |     65 |   2576 |   4 |  905.8 |
         Sewer |    231 |    231 |      0 |      0 |    172 |   1 |  231.0 |
               +--------+--------+--------+--------+--------+-----+--------+

Top non-repeatable levels by time:
     D:3: 1307 daAuts
     D:2: 999 daAuts
     D:1: 756 daAuts
     D:4: 560 daAuts
   Sewer: 231 daAuts
